 Dungeon Crawl Stone Soup version 0.27-a0-1525-g1038ab4fd7 (webtiles) character file.

Game seed: 12279735470320237299

287007 Spaninq the Wrestler (level 19, -7/198 HPs)
             Began as a Troll Warper on July 10, 2021.
             Was the Champion of Qazlal.
             Killed from afar by an ironbound thunderhulk (36 damage)
             ... with a bolt of lightning
             ... on level 2 of the Vaults.
             The game lasted 03:13:31 (32597 turns).

Spaninq the Wrestler (Troll Warper)                Turns: 32597, Time: 03:13:33

Health: -7/198     AC: 19    Str: 34    XL:     19   Next: 85%
Magic:  0/24       EV: 11    Int: 10    God:    Qazlal [******]
Gold:   2349       SH: 20    Dex: 10    Spells: 24/26 levels left

rFire    + + .     SeeInvis .     - Unarmed
rCold    . . .     Faith    .   o - +0 kite shield {reflect}
rNeg     . . .     Spirit   +   B - +0 fire dragon scales
rPois    .         Reflect  +   K - +2 hat {Stlth+}
rElec    .         Harm     .   F - +0 cloak
rCorr    +         Rampage  .   (gloves unavailable)
Will     ++...                  (boots unavailable)
Stlth    ..........             r - amulet of the Priest {Spirit Will+ Regen+ Slay+3}
HPRegen  2.43/turn              t - ring of Koiveupp {rC+ rCorr}
MPRegen  0.19/turn              N - +6 ring of strength

@: protected from physical damage, repel missiles
A: large, unfitting armour, claws 3, regeneration 1, shaggy fur 1, tough skin 1
}: 2/15 runes: decaying, serpentine
a: Renounce Religion, Upheaval, Elemental Force, Disaster Area


You were on level 2 of the Vaults.
You worshipped Qazlal.
Qazlal was exalted by your worship.
You visited 6 branches of the dungeon, and saw 33 of its levels.
You visited the Abyss 1 time.
You visited 1 bazaar.
You also visited: Ossuary and Bailey.

You collected 3920 gold pieces.
You spent 1571 gold pieces at shops.

Inventory:

Hand Weapons
 X - a +4 scimitar of flaming
Missiles
 c - 5 boomerangs of dispersal (quivered)
Armour
 h - +0 swamp dragon scales
 i - a +2 hat
 o - a +0 kite shield of reflection (worn)
 B - +0 fire dragon scales (worn)
 E - a +2 robe of cold resistance
 F - a +0 cloak (worn)
 K - a +2 hat of stealth (worn)
 U - the -3 hat of Wonder {Contam rF++ rC+}
   (You found it on level 2 of the Orcish Mines)

   rF:        It greatly protects you from fire.
   rC:        It protects you from cold.
   Contam:    It causes magical contamination when unequipped.
 Y - a +2 robe of willpower
 Z - a +2 tower shield
Jewellery
 a - the ring of Ohileh {rF+ rN+ Int+6}
   (You found it on level 2 of the Lair of Beasts)

   [ring of positive energy]

   Int:       It affects your intelligence (+6).
   rF:        It protects you from fire.
   rN:        It protects you from negative energy.
 j - the amulet "Yplik" {Reflect rC+ Dex+6 SH+5}
   (You bought it in a shop in a bazaar)

   [amulet of reflection]

   It reflects blocked missile attacks.
   Dex:       It affects your dexterity (+6).
   rC:        It protects you from cold.
   SH:        It affects your SH (+5).
 r - the amulet of the Priest (around neck) {Spirit Will+ Regen+ Slay+3}
   (You acquired it on level 6 of the Dungeon)

   [amulet of guardian spirit]

   It causes incoming damage to be divided between your reserves of health and
   magic.
   Slay:      It affects your accuracy & damage with ranged weapons and melee
   (+3).
   Regen:     It increases your rate of health regeneration.
   Will:      It increases your willpower.
 t - the ring of Koiveupp (left claw) {rC+ rCorr}
   (You bought it in a shop in a bazaar)

   [ring of protection from cold]

   rC:        It protects you from cold.
   rCorr:     It protects you from acid and corrosion.
 u - a ring of poison resistance
 w - a ring of resist corrosion
 A - a ring of willpower
 D - a ring of ice
 N - a +6 ring of strength (right claw)
 Q - a ring of flight
Wands
 d - a wand of paralysis (30)
 e - a wand of polymorph (8)
 y - a wand of digging (17)
 z - a wand of iceblast (50)
 M - a wand of acid (38)
 T - a wand of mindburst (49)
Scrolls
 b - 5 scrolls of blinking
 l - a scroll of summoning
 p - 13 scrolls of teleportation
 q - 6 scrolls of enchant armour
 x - 10 scrolls of enchant weapon
 I - 5 scrolls of amnesia
 J - 9 scrolls of fog
 L - 4 scrolls of fear
 O - 2 scrolls of brand weapon
 R - 10 scrolls of identify
 S - 4 scrolls of holy word
Potions
 f - 14 potions of mutation
 g - 13 potions of curing
 k - 3 potions of cancellation
 m - 4 potions of brilliance
 n - 8 potions of might
 s - 4 potions of heal wounds
 v - 5 potions of haste
 C - 2 potions of resistance
 G - a potion of ambrosia
 H - 3 potions of berserk rage
 P - 6 potions of invisibility
 V - 3 potions of magic


   Skills:
 + Level 14.5 Fighting
 - Level 0.8 Throwing
 - Level 9.3 Armour
 - Level 9.2 Dodging
 - Level 10.3 Shields
 * Level 22.4 Unarmed Combat
 - Level 4.3 Spellcasting
 - Level 5.5 Translocations
 + Level 3.7 Invocations
 + Level 2.3 Evocations


You had 24 spell levels left.
You knew the following spells:

 Your Spells              Type           Power      Damage    Failure   Level
a - Blink                 Tloc           N/A        N/A       8%          2

Your spell library contained the following spells:

 Spells                   Type           Power      Damage    Failure   Level
 Gell's Gravitas          Tloc           6%         N/A       14%         3
 Lesser Beckoning         Tloc           6%         N/A       14%         3
 Teleport Other           Tloc           13%        N/A       14%         3
 Freeze                   Ice            8%         1d3       43%         1
 Magic Dart               Conj           8%         1d3       43%         1
 Passage of Golubria      Tloc           N/A        N/A       43%         4
 Call Imp                 Summ           2%         N/A       56%         2
 Searing Ray              Conj           4%         3d3       56%         2
 Dazzling Flash           Conj/Hex       4%         N/A       80%         3
 Frozen Ramparts          Ice            4%         1d2       80%         3
 Mephitic Cloud           Conj/Pois/Air  2%         N/A       80%         3
 Ozocubu's Armour         Ice            2%         N/A       80%         3
 Stone Arrow              Conj/Erth      4%         3d7       80%         3
 Tukima's Dance           Hex            2%         N/A       80%         3
 Manifold Assault         Tloc           13%        N/A       80%         5
 Iskenderun's Mystic Bla  Conj/Tloc      7%         2d4       83%         4
 Airstrike                Air            1%         N/A       99%         4
 Fulminant Prism          Conj/Hex       1%         3d6       99%         4
 Hailstorm                Conj/Ice       2%         3d3       99%         4
 Summon Ice Beast         Ice/Summ       2%         N/A       99%         4
 Summon Lightning Spire   Summ/Air       2%         N/A       99%         4
 Agony                    Necr           2%         N/A       100%        5
 Bolt of Magma            Conj/Fire/Erth 1%         4d4       100%        5
 Lee's Rapid Deconstruct  Erth           1%         3d5*      100%        5
 Lightning Bolt           Conj/Air       1%         1d12      100%        5
 Metabolic Englaciation   Hex/Ice        1%         N/A       100%        5
 Silence                  Hex/Air        1%         N/A       100%        5
 Summon Mana Viper        Hex/Summ       2%         N/A       100%        5
 Yara's Violent Unravell  Hex/Tmut       1%         3d3       100%        5
 Simulacrum               Ice/Necr       1%         N/A       100%        6
 Monstrous Menagerie      Summ           1%         N/A       100%        7
 Borgnjor's Revivificati  Necr           1%         N/A       100%        8
 Necromutation            Tmut/Necr      1%         N/A       100%        8
 Death's Door             Necr           1%         N/A       100%        9
 Shatter                  Erth           1%         3d5*      100%        9


Dungeon Overview and Level Annotations

Branches:
Dungeon (15/15)            Temple (0/1) D:7            Lair (6/6) D:9
  Swamp (4/4) Lair:2        Snake (4/4) Lair:3        Slime (0/5) Lair:5
    Orc (2/2) D:9             Elf (0/3) Orc:2        Vaults (2/5) D:14
  Crypt (0/3) Vaults:2     Depths (0/5) D:15        Ossuary (visited)
 Bailey (visited)

Altars:
Ashenzari
Elyvilon
Fedhas
Qazlal
Ru
Wu Jian
Beogh

Shops:
D:9 (*:*(   D:15 ?   Orc:1 *   Orc:2 *(=[   Snake:3 :=:

Portals:
Abyss: Snake:4

Annotations:
Swamp:3 3 runed translucent doors, Fakli's ghost, journeyman DrWn; Kacaoki's ghost, adept MiBe; Phlounder's ghost, adept DjFE; Ycoy's ghost, adept NaWn; blackman's ghost, adept DrCj
Snake:4 2 transporters, jejorda2's ghost, adept MfBe
Vaults:1 3 runed translucent doors, DizzySkin's ghost, veteran MiBe


Innate Abilities, Weirdness & Mutations

You are too large for most types of armour.
You have claws for hands.
Your natural rate of healing is unusually fast.
You are covered in fur. (AC +1)
You have tough skin. (AC +1)


Message History

You eviscerate the entropy weaver!!!
You kill the entropy weaver!
Qazlal accepts your kill.
The redback bites you but does no damage.
You eviscerate the redback!!!
You kill the redback!
Qazlal accepts your kill.
An ironbound thunderhulk comes into view.
It is wielding a +0 dire flail.
An ironbound thunderhulk is nearby!
A vault sentinel comes into view. It is wielding a +0 long sword.
The vault sentinel shouts!
Electricity crackles from the ironbound thunderhulk's apparatus.
The bolt of lightning hits you!!!
* * * LOW HITPOINT WARNING * * *
You feel much better.
Electricity crackles from the ironbound thunderhulk's apparatus.
The bolt of lightning hits you!!!
* * * LOW HITPOINT WARNING * * *
The vault sentinel blows a loud note on a signal horn!
You hear a shout!
Aiming: Iceblast
Press: ? - help, Shift-Dir - straight line, f - ironbound thunderhulk
Aim: an ironbound thunderhulk, wielding a +0 dire flail and wearing a +0 ring mail The mass of ice explodes!
The iceblast engulfs the ironbound thunderhulk!
The ironbound thunderhulk is lightly wounded.
The iceblast engulfs the vault sentinel!
The vault sentinel is moderately wounded.
Aiming: Corrosive Bolt
Press: ? - help, Shift-Dir - straight line, f/p - ironbound thunderhulk
Aim: an ironbound thunderhulk, wielding a +0 dire flail and wearing a +0 ring mail (lightly wounded, 83% to hit)
The bolt of acid hits the ironbound thunderhulk!
The ironbound thunderhulk is splashed with acid!
The ironbound thunderhulk is moderately wounded.
The bolt of acid hits the vault sentinel!
The vault sentinel is splashed with acid.
The vault sentinel is heavily wounded.
Electricity crackles from the ironbound thunderhulk's apparatus.
The bolt of lightning hits you!!!
You die...

,,,,#.............#
**,,+.............#
,*,,#.............#
,+,,#.............#
,*,,#.............#
,*,,#.....†.......#
,+,,#..........°.○#
,*,,#/....†...☼○..#
,***#......pO...@.#
,,,*#####'#########
,,,* *,...,,* ****
#....,,* * #...,,,*
* #...,,,* *
*,,,,,,* *,,,,,,*
********* *,,,,,,*
*,,,,,,,,


You could see an ironbound thunderhulk and a vault sentinel.

Vanquished Creatures
  Vashnia (Snake:3)
  Saint Roka (Snake:2)
  Jorgrun (Orc:1)
  3 tentacled starspawn (Abyss:2)
  A sphinx (Vaults:1)
  Roxanne (Snake:2)
  9 nagarajas
  A fenstrider witch (Swamp:2)
  Donald (Snake:2)
  An orc warlord (Orc:1)
  2 vault wardens (Vaults:2)
  The ghost of ew1980 the Carver, a journeyman HuFi of the Shining One (D:11)
  The ghost of Kustesche the Transmogrifier, a journeyman NaTm of Cheibriados (Lair:3)
  6 ironbound preservers
  Nessos (D:15)
  2 deep elf demonologists (Vaults:2)
  2 dire elephants (Vaults:2)
  The ghost of Archem the Fighter, a journeyman OgTm of Ashenzari (Lair:3)
  4 bunyips
  The ghost of Cyda Jyj the Martial Artist, a journeyman DsGl of Dithmenos (Lair:3)
  Azrael (D:14)
  6 entropy weavers
  The ghost of Veysay the Thaumaturge, a journeyman DjWz of Dithmenos (Lair:3)
  Snorg (Lair:6)
  The ghost of Hitoc the Thaumaturge, a journeyman DjFE of Makhleb (Lair:3)
  4 eleionomae
  2 yaktaur captains
  4 fire dragons
  The ghost of Spaninq the Thaumaturge, a journeyman DjFE of Elyvilon (D:11)
  2 jiangshi (Abyss:2)
  Josephine (D:10)
  The ghost of indyram44 the Basher, a journeyman MiBe of Trog (D:11)
  A deep elf high priest (Vaults:2)
  Fannar (D:9)
  4 boulder beetles
  24 hydras
  An ice dragon (D:15)
  14 naga warriors
  2 salamander tyrants (Snake:2)
  An ogre mage (D:15)
  8 vault guards
  3 ghost crabs
  3 catoblepae
  2 ironbound frosthearts (Vaults:1)
  10 two-headed ogres
  The ghost of SirDiesAlot the Thaumaturge, a journeyman DECj of Vehumet (D:11)
  A death knight (D:14)
  14 anacondas
  6 centaur warriors
  A tengu warrior (D:13)
  7 alligators
  11 death yaks
  3 ironbound beastmasters
  A vampire mage (Abyss:2)
  9 naga sharpshooters
  4 orc high priests (Orc:2)
  5 shock serpents
  Nergalle (Orc:1)
  15 skeletal warriors
  7 fire crabs
  6 goliath frogs
  2 salamander mystics (Snake:2)
  4 spriggan druids
  12 sea snakes
  7 naga ritualists
  18 deep trolls (Vaults:1)
  2 starcursed masses (Abyss:2)
  8 swamp dragons
  2 ironbound convokers
  A phantasmal warrior (D:14)
  4 bog bodies
  2 deep elf pyromancers
  2 wizards (Vaults:1)
  2 lindwurms
  3 orc sorcerers
  A deep elf zephyrmancer (Orc:2)
  5 orc knights
  12 salamanders
  8 mana vipers
  2 oklob plants
  17 ugly things
  8 slime creatures
  6 elephants (Lair:5)
  A worldbinder (Abyss:2)
  3 cyclopes
  4 will-o-the-wisps
  4 manticores
  11 guardian serpents
  13 naga magi
  An apocalypse crab (D:12)
  A shock serpent zombie (Abyss:2)
  46 black mambas
  11 cane toads
  A torpor snail (Lair:6)
  6 vault sentinels
  4 rime drakes
  10 komodo dragons
  15 yaktaurs
  3 freezing wraiths
  2 efreet
  A meliai (shapeshifter) (D:11)
  7 trolls
  3 hornets
  Grinder (D:3)
  5 tyrant leeches
  A raiju (Abyss:2)
  12 blink frogs
  17 dream sheep
  2 redbacks
  2 tarantellas (Vaults:1)
  A vampire (D:14)
  6 wraiths
  5 spriggans
  3 fire elementals
  59 yaks
  3 water elementals (D:13)
  6 fire bats
  A shadow (D:12)
  5 steam dragons
  4 basilisks
  Grum (D:10)
  A human (D:9)
  Eustachio (D:6)
  A neqoxec (Abyss:2)
  7 wyverns
  A chaos spawn (Abyss:2)
  16 vampire mosquitoes
  53 nagas
  10 swamp worms
  2 acid dragons
  13 water moccasins
  4 wargs
  4 hell hounds
  An ice beast (D:7)
  35 orc warriors
  A sky beast (Abyss:2)
  15 swamp drakes
  4 ogres
  13 centaurs
  21 wolves
  3 kobold brigands
  Blork the orc (D:6)
  11 bullfrogs
  4 gnoll sergeants
  5 scorpions
  A wyvern skeleton (D:7)
  21 killer bees
  9 wights
  3 electric eels
  3 howler monkeys
  A crimson imp (Orc:2)
  6 centaur zombies
  3 human zombies (Ossuary)
  An iron imp (Orc:2)
  3 hounds
  5 jellies
  7 orc priests
  2 centaur skeletons
  A gnoll shaman (D:7)
  Jessica (D:3)
  6 iguanas
  16 orc wizards
  A hound zombie (D:3)
  A hound skeleton (D:5)
  5 mummies (Ossuary)
  A howler monkey zombie (D:8)
  32 gnolls
  A howler monkey skeleton (D:4)
  8 adders
  A shadow imp (Orc:2)
  A white imp (D:5)
  An ufetubus (D:7)
  2 worms
  4 dart slugs
  51 orcs
  4 ball pythons
  13 bats
  10 endoplasms
  5 giant cockroaches
  2 gnoll zombies (Ossuary)
  12 goblins
  13 hobgoblins
  17 jackals
  4 quokkas
  A frilled lizard (D:1)
  A goblin zombie (Ossuary)
  A hobgoblin zombie (Ossuary)
  39 kobolds
  An orc zombie (Ossuary)
  9 rats
  A butterfly (Lair:4)
1199 creatures vanquished.

Vanquished Creatures (others)
  A swamp dragon (Swamp:4)
  A will-o-the-wisp (Swamp:3)
  5 bloated husks
  A spriggan (Swamp:4)
  A naga (Snake:3)
  A swamp worm (Swamp:1)
  A swamp drake (Swamp:4)
  A small abomination (Abyss:2)
  An orc wizard (Orc:2)
  A white imp (Orc:2)
  An orc (Orc:2)
  18 foxfires
  42 fungi
  50 plants
  4 starspawn tentacles (Abyss:2)
129 creatures vanquished.

Grand Total: 1328 creatures vanquished

Notes
Turn   | Place    | Note
-------+----------+-------------------------------------------
     0 | D:1      | Spaninq the Troll Warper began the quest for the Orb.
     0 | D:1      | Reached XP level 1. HP: 19/19 MP: 1/1
   114 | D:1      | Reached XP level 2. HP: 28/28 MP: 2/2
   273 | D:1      | Learned a level 2 spell: Blink
   307 | D:1      | Reached skill level 3 in Unarmed Combat
   573 | D:1      | Reached XP level 3. HP: 31/35 MP: 3/3
   907 | D:2      | Noticed a scorpion
   919 | D:2      | Killed a scorpion
   920 | D:2      | Reached skill level 4 in Unarmed Combat
   920 | D:2      | Reached XP level 4. HP: 40/44 MP: 4/4
  1343 | D:2      | Reached XP level 5. HP: 49/50 MP: 5/5
  1532 | D:3      | Reached skill level 5 in Unarmed Combat
  1557 | D:3      | Noticed Jessica
  1560 | D:3      | Killed Jessica
  1658 | D:3      | Reached XP level 6. HP: 61/61 MP: 6/6
  1775 | D:3      | Found a faded altar of an unknown god.
  1776 | D:3      | Noticed Grinder
  1795 | D:3      | Killed Grinder
  1796 | D:3      | Reached skill level 6 in Unarmed Combat
  1807 | D:3      | Became a worshipper of Qazlal Stormbringer
  1807 | D:3      | Reached * piety under Qazlal
  2343 | D:4      | You fall into a shaft and drop 3 floors!
  2352 | D:7      | Noticed a water moccasin
  2360 | D:7      | Reached XP level 7. HP: 63/68 MP: 7/7
  2404 | D:6      | Identified the +4 dagger "Deivamiz" {chaos, rC- rCorr Str+3
                  | Int+3 SInv}
  2463 | D:6      | Noticed Blork the orc
  2472 | D:6      | Killed Blork the orc
  2473 | D:6      | Reached skill level 7 in Unarmed Combat
  2483 | D:5      | Entered Level 5 of the Dungeon
  2810 | D:4      | Reached ** piety under Qazlal
  2867 | D:4      | Found a broken altar of Ashenzari.
  3354 | D:5      | Reached skill level 1 in Invocations
  3355 | D:5      | Reached XP level 8. HP: 73/79 MP: 8/8
  3485 | D:5      | Noticed a troll
  3496 | D:5      | Killed a troll
  3497 | D:5      | Reached skill level 8 in Unarmed Combat
  3695 | D:5      | Found a stormy altar of Qazlal.
  3802 | D:6      | Noticed Eustachio
  3826 | D:5      | Reached skill level 5 in Fighting
  4126 | D:6      | Killed Eustachio
  4127 | D:6      | Reached skill level 1 in Shields
  4276 | D:6      | Reached skill level 9 in Unarmed Combat
  4608 | D:6      | Reached *** piety under Qazlal
  4689 | D:6      | Identified a scroll of acquirement
  4689 | D:6      | Acquired the amulet of the Priest {Spirit Will+ Regen+
                  | Slay+3}
  4710 | D:7      | Reached XP level 9. HP: 70/88 MP: 5/9
  4813 | D:7      | Found a sacrificial altar of Ru.
  4943 | D:7      | Found a staircase to the Ecumenical Temple.
  5146 | D:7      | Identified the +3 short sword of Onyreg {flame, Fly Will+
                  | Int+6}
  5605 | D:7      | Reached skill level 10 in Unarmed Combat
  5942 | D:8      | Found a sand-covered staircase.
  5956 | Ossuary  | Entered an ossuary
  6327 | D:8      | Reached **** piety under Qazlal
  6525 | D:8      | Reached XP level 10. HP: 98/100 MP: 8/10
  6526 | D:8      | Reached skill level 11 in Unarmed Combat
  6820 | D:9      | Found Ynulyemu's Antique Weapon Shoppe.
  6865 | D:9      | Found Oxisasif's General Store.
  6871 | D:9      | Found Neudoise's Book Shop.
  6992 | D:9      | Found a staircase to the Orcish Mines.
  7115 | D:9      | Reached ***** piety under Qazlal
  7198 | D:9      | Found Gugruzo's General Store.
  7219 | D:9      | Found Vopyt's Antique Weapon Shoppe.
  7294 | D:9      | Found a blossoming altar of Fedhas.
  7357 | D:9      | Found an ornate altar of the Wu Jian Council.
  7373 | D:9      | Found a staircase to the Lair.
  7794 | D:9      | Identified the +8 dagger of Qazlal's Displeasure {holy, rF+
                  | MP+9 Str+4 Dex+6}
  7820 | D:10     | Entered Level 10 of the Dungeon
  7820 | D:10     | Noticed Fannar
  7857 | D:9      | Killed Fannar
  7858 | D:9      | Reached skill level 5 in Shields
  7858 | D:9      | Reached skill level 12 in Unarmed Combat
  8088 | D:10     | Noticed a two-headed ogre
  8128 | D:9      | Killed a two-headed ogre
  8129 | D:9      | Reached XP level 11. HP: 110/110 MP: 11/11
  8254 | D:10     | Noticed Josephine
  8498 | D:10     | Noticed Grum
  8528 | D:10     | Killed Grum
  8708 | Orc:1    | Entered Level 1 of the Orcish Mines
  8727 | Orc:1    | Noticed Jorgrun
  8728 | Orc:1    | Noticed a two-headed ogre
  8728 | Orc:1    | Noticed an orc sorcerer
  8766 | Lair:1   | Entered Level 1 of the Lair of Beasts
  8766 | Lair:1   | Noticed a four-headed hydra
  8782 | D:9      | Killed a four-headed hydra
  8783 | D:9      | Reached skill level 13 in Unarmed Combat
  9228 | Lair:1   | Noticed an oklob plant
  9243 | Lair:1   | Killed an oklob plant
  9727 | Lair:2   | Noticed a four-headed hydra
  9759 | Lair:2   | Killed a four-headed hydra
  9768 | Lair:2   | Noticed a four-headed hydra
  9781 | Lair:2   | Killed a four-headed hydra
  9828 | Lair:2   | Found a staircase to the Swamp.
  9871 | Lair:2   | Noticed a four-headed hydra
  9883 | Lair:2   | Killed a four-headed hydra
  9896 | Lair:2   | Reached XP level 12. HP: 115/122 MP: 8/12
  9898 | Lair:2   | Reached skill level 14 in Unarmed Combat
 10017 | Lair:2   | Identified the ring of Ohileh {rF+ rN+ Int+6}
 10192 | Lair:2   | Noticed a four-headed hydra
 10199 | Lair:2   | Killed a four-headed hydra
 10534 | Lair:3   | Noticed a four-headed hydra
 10544 | Lair:3   | Killed a four-headed hydra
 10613 | Lair:3   | Found a staircase to the Snake Pit.
 11040 | Lair:3   | Identified the +8 rapier "Ogreslayer" {vorpal, rC+ Int+5}
 11169 | Lair:3   | Found a runed translucent gate.
 11169 | Lair:3   | Found a runed translucent gate.
 11169 | Lair:3   | Found a runed translucent gate.
 11169 | Lair:3   | Noticed Hitoc's ghost (journeyman DjFE)
 11170 | Lair:3   | Noticed Cyda Jyj's ghost (journeyman DsGl)
 11170 | Lair:3   | Noticed Veysay's ghost (journeyman DjWz)
 11170 | Lair:3   | Noticed Archem's ghost (journeyman OgTm)
 11171 | Lair:3   | Noticed Kustesche's ghost (journeyman NaTm)
 11608 | Lair:4   | Noticed a seven-headed hydra
 11618 | Lair:4   | Killed a seven-headed hydra
 11663 | Lair:4   | Reached skill level 15 in Unarmed Combat
 12173 | Lair:5   | Noticed an eight-headed hydra
 12184 | Lair:4   | Reached ****** piety under Qazlal
 12290 | Lair:5   | Killed an eight-headed hydra
 12391 | Lair:5   | Reached XP level 13. HP: 133/133 MP: 11/13
 12456 | Lair:5   | Found a staircase to the Slime Pits.
 12529 | Lair:5   | Reached skill level 10 in Fighting
 13008 | Lair:6   | Entered Level 6 of the Lair of Beasts
 13149 | Lair:5   | Reached skill level 16 in Unarmed Combat
 13342 | Lair:6   | Noticed Snorg
 13348 | Lair:6   | Reached skill level 1 in Armour
 13663 | Lair:6   | Killed Snorg
 13771 | Lair:5   | Reached XP level 14. HP: 135/144 MP: 11/14
 14063 | Lair:6   | Reached skill level 17 in Unarmed Combat
 14985 | D:10     | Killed Josephine
 15122 | D:11     | Found a flagged portal.
 15127 | Bailey   | Entered a bailey
 15875 | D:11     | Found a runed translucent gate.
 15878 | D:11     | Noticed Spaninq's ghost (journeyman DjFE)
 15880 | D:11     | Noticed ew1980's ghost (journeyman HuFi)
 15880 | D:11     | Found a runed translucent gate.
 15880 | D:11     | Found a runed translucent gate.
 15880 | D:11     | Noticed indyram44's ghost (journeyman MiBe)
 15880 | D:11     | Noticed SirDiesAlot's ghost (journeyman DECj)
 16532 | D:12     | Reached skill level 5 in Dodging
 16584 | D:12     | Identified the +3 hand crossbow "Ukaulori" {speed, Dex+2}
 16702 | D:12     | Found a runed translucent door.
 18091 | Orc:1    | Reached skill level 5 in Armour
 18103 | Orc:1    | Killed Jorgrun
 18104 | Orc:1    | Reached XP level 15. HP: 154/154 MP: 15/15
 18210 | Orc:1    | Found Ziaho's General Store.
 18228 | Orc:1    | Noticed Nergalle
 18234 | Orc:1    | Killed Nergalle
 18530 | Orc:2    | Entered Level 2 of the Orcish Mines
 18530 | Orc:2    | Found a staircase to the Elven Halls.
 18590 | Orc:2    | Noticed an orc warlord
 18807 | Orc:1    | Killed an orc warlord
 18808 | Orc:1    | Reached skill level 18 in Unarmed Combat
 18958 | Orc:2    | Identified the -3 hat of Wonder {Contam rF++ rC+}
 19144 | Orc:2    | Found Cuphaddi's Jewellery Shop.
 19311 | Orc:2    | Found Lowk's Antique Armour Shoppe.
 19360 | Orc:2    | Found Lonu's Antique Weapon Emporium.
 19537 | Orc:2    | Found Woubimiw's General Store.
 19713 | Swamp:1  | Entered Level 1 of the Swamp
 20711 | Swamp:2  | Noticed a fenstrider witch
 20713 | Swamp:2  | Paralysed by a fenstrider witch for 7 turns
 20721 | Swamp:2  | Killed a fenstrider witch
 20797 | Swamp:2  | Found a white marble altar of Elyvilon.
 21011 | Swamp:2  | Acquired 486 gold pieces
 21246 | Swamp:3  | Found a runed translucent gate.
 21248 | Swamp:3  | Found a runed translucent gate.
 21248 | Swamp:3  | Found a runed translucent gate.
 21248 | Swamp:3  | Noticed Ycoy's ghost (adept NaWn)
 21248 | Swamp:3  | Noticed Fakli's ghost (journeyman DrWn)
 21250 | Swamp:3  | Noticed blackman's ghost (adept DrCj)
 21275 | Swamp:3  | Noticed Kacaoki's ghost (adept MiBe)
 21277 | Swamp:3  | Noticed Phlounder's ghost (adept DjFE)
 21925 | Snake:1  | Entered Level 1 of the Snake Pit
 22039 | Snake:1  | Reached XP level 16. HP: 165/165 MP: 16/16
 22165 | Snake:1  | Reached skill level 19 in Unarmed Combat
 22386 | Snake:1  | Found a transporter.
 22386 | Snake:1  | Found a transporter.
 22824 | Snake:2  | Noticed Saint Roka
 22871 | Snake:2  | Killed Saint Roka
 23025 | Snake:2  | Identified the +7 lajatang "Fuproiq" {holy, +Blink}
 23089 | Snake:2  | Noticed Donald
 23101 | Snake:2  | Killed Donald
 23591 | Snake:2  | Noticed Roxanne
 23600 | Snake:2  | Killed Roxanne
 23870 | Snake:3  | Noticed Vashnia
 23943 | Snake:3  | Killed Vashnia
 24041 | Snake:3  | Reached XP level 17. HP: 150/175 MP: 11/17
 24134 | Snake:3  | Reached skill level 20 in Unarmed Combat
 24415 | Snake:3  | Found Isysydgh's Book Shoppe.
 24415 | Snake:3  | Found Tiod's Jewellery Boutique.
 24416 | Snake:3  | Found Akoly's Book Shoppe.
 24606 | Snake:4  | Entered Level 4 of the Snake Pit
 25326 | Snake:4  | Found a transporter.
 25329 | Snake:4  | Noticed jejorda2's ghost (adept MfBe)
 25345 | Snake:4  | Found a one-way gate to the infinite horrors of the Abyss.
 25379 | Snake:4  | Found a transporter.
 25906 | Snake:4  | Got a serpentine rune of Zot
 26458 | Swamp:4  | Entered Level 4 of the Swamp
 26949 | Swamp:4  | Reached XP level 18. HP: 187/187 MP: 20/20
 27099 | Swamp:4  | Reached skill level 21 in Unarmed Combat
 27434 | Swamp:4  | Got a decaying rune of Zot
 27738 | Lair:3   | Killed Archem's ghost
 27745 | Lair:3   | Killed Kustesche's ghost
 27749 | Lair:3   | Killed Cyda Jyj's ghost
 27757 | Lair:3   | Killed Hitoc's ghost
 27763 | Lair:3   | Killed Veysay's ghost
 28399 | D:11     | Killed ew1980's ghost
 28408 | D:11     | Killed SirDiesAlot's ghost
 28409 | D:11     | Killed Spaninq's ghost
 28415 | D:11     | Killed indyram44's ghost
 28744 | D:12     | Identified the +6 falchion of Toickaki {elec, rC+ rCorr
                  | Int+3}
 28904 | D:14     | Noticed Azrael
 29265 | D:14     | Killed Azrael
 29273 | D:14     | Reached skill level 5 in Translocations
 29312 | D:14     | Found a gate to the Vaults.
 29875 | D:15     | Entered Level 15 of the Dungeon
 29887 | D:15     | Noticed Nessos
 29893 | D:15     | Killed Nessos
 29989 | D:15     | Reached XP level 19. HP: 197/197 MP: 24/24
 29989 | D:15     | Found Curuw's Magic Scroll Shop.
 30190 | D:15     | Found a staircase to the Depths.
 30802 | Vaults:1 | Entered Level 1 of the Vaults
 30913 | Vaults:1 | Reached skill level 10 in Shields
 31046 | Vaults:1 | Identified the +7 shortbow of the Harvest {vorpal, +Blink
                  | rC+ Int+4}
 31119 | Vaults:1 | Found a runed translucent gate.
 31229 | Vaults:1 | Identified the +1 buckler of Ronlank {Dex+4}
 31496 | Vaults:1 | Reached skill level 22 in Unarmed Combat
 31962 | Vaults:1 | Found a runed translucent gate.
 31962 | Vaults:1 | Identified the ring of Hiehen {Str+6 Dex+5 SInv}
 31963 | Vaults:1 | Found a runed translucent gate.
 31964 | Vaults:1 | Noticed DizzySkin's ghost (veteran MiBe)
 32092 | Vaults:2 | Found a flickering gateway to a bazaar.
 32107 | Bazaar   | Entered a bazaar
 32107 | Bazaar   | Found Xehytounk's Jewellery Shoppe.
 32107 | Bazaar   | Found Saqolyip's Assorted Antiques.
 32107 | Bazaar   | Found Fyuga's General Store.
 32107 | Bazaar   | Found Ylion's General Store.
 32109 | Bazaar   | Found Adeem's Antique Armour Emporium.
 32153 | Bazaar   | Bought a runed hat for 231 gold pieces
 32159 | Bazaar   | Bought the amulet "Yplik" {Reflect rC+ Dex+6 SH+5} for 622
                  | gold pieces
 32159 | Bazaar   | Bought the ring of Koiveupp {rC+ rCorr} for 413 gold pieces
 32175 | Bazaar   | Bought a potion of haste for 140 gold pieces
 32178 | Bazaar   | Bought a scroll of blinking for 165 gold pieces
 32294 | Vaults:2 | Reached skill level 1 in Evocations
 32424 | Vaults:2 | Cast into level 2 of the Abyss (a deep elf demonologist)
 32566 | Vaults:2 | Escaped the Abyss
 32597 | Vaults:2 | Killed from afar by an ironbound thunderhulk

Illustrated notes

Levels and vault maps discovered:
D:1:      giann_wishing_wells, layout_basic
D:2:      minmay_chambers_of_twos, layout_loops_ring
D:3:      minmay_spotlight, layout_rooms, serial_rivers,
          chequers_serial_rivers_large_b, chequers_serial_rivers_micro_d,
          chequers_serial_rivers_micro_b, chequers_serial_rivers_micro_a,
          chequers_ecumenical_altar_island, nrook_campfire, minmay_fountain_box,
          uniq_grinder, uniq_jessica
D:4:      layout_loops_corners, kennysheep_mini
D:5:      layout_loops_ring, mainiacjoe_overflow_concentric_impassable
D:6:      old_forge, layout_basic, uniq_blork_the_orc, uniq_eustachio
D:7:      layout_loops_cross, lemuel_tele_altar,
          minmay_temple_entry_sparse_star, serial_co_window_serial,
          co_window_of_opportunity_a, co_window_paths_a, co_window_paths_a,
          co_window_paths_a, co_window_corner_a, co_window_cross_1,
          co_window_paths_a, co_window_of_opportunity_b,
          co_window_of_opportunity_c, co_window_2corner,
          co_window_of_opportunity_b, co_window_cross_2,
          co_window_unsneaky_path_e, glass_columns_a, glass_columns_a,
          glass_columns_a
D:8:      layout_basic, nicolae_ossuary_entry_ruins, kennysheep_generic_room_14
D:9:      layout_irregular_city, nicolae_wu_jian_glorious_leap,
          mainiacjoe_overflow_alcove_4, lair_entry_dummy, erik_orc_4,
          serial_shops, nicolae_diamond_shop, nicolae_inconvenience_store,
          nicolae_stop_n_shop_2, nicolae_shop_statue_plus, nicolae_shop_crystal,
          st_stairs_13
D:10:     minmay_octagon_keep, layout_basic, uniq_josephine, uniq_fannar,
          uniq_grum
D:11:     layout_basic, gammafunk_ghost_cemetery, enter_bailey_1
D:12:     gammafunk_mikee_crab_dinner, layout_layer_cave, drop_trap
D:13:     layout_basic, nicolae_sextant
D:14:     layout_long_grid, erik_vaults_2, hangedman_decor_clover_reticule,
          uniq_azrael
D:15:     grunt_enter_depths_hoard, layout_irregular_city, serial_shops, shop,
          minmay_fractal_squares_gapless_5, uniq_nessos
Lair:1:   layout_long_grid, minmay_lair_oklob_chamber
Lair:2:   layout_loops_ring, swamp_mist, minmay_lair_oklob_items, st_stairs_9,
          grunt_megastairs_5, lemuel_fruit_tree
Lair:3:   beast_lair_carwin_large_1, layout_loops_ring, dummy_snake_entry,
          gammafunk_ghost_cemetery
Lair:4:   layout_gridlike, lemuel_fruit_fields, grunt_megastairs_2
Lair:5:   layout_regular_city, nicolae_slime_entry_slimehenge
Lair:6:   evilmike_catoblepas_cave, layout_cave_shapes, uniq_snorg
Swamp:1:  nicolae_swamp_ascending_descending_big, layout_basic_swamp,
          evilmike_swamp_ruin_house_2
Swamp:2:  layout_falls_marsh, evilmike_swamp_ruin_house_6,
          lemuel_altar_in_water, swamp_pool5
Swamp:3:  layout_basic_swamp, gammafunk_ghost_cemetery, serial_swamp_ruin,
          evilmike_swamp_ruin_house_3, evilmike_swamp_ruin_house_1,
          evilmike_swamp_ruin_rubble_2
Swamp:4:  swamp_fiery, layout_basic_swamp, swamp_pool2
Snake:1:  gammafunk_the_bubble [the_bubble_gammafunk_crates], layout_gridlike,
          nicolae_snake_serpentine_hallways
Snake:2:  layout_basic, uniq_roxanne, uniq_saint_roka, uniq_donald
Snake:3:  layout_rooms, minmay_shop_grove, serial_bayou_shore_a, uniq_vashnia
Snake:4:  grunt_snake_rune_pools, layout_cave_town,
          gammafunk_ghost_abyssal_escape
Orc:1:    layout_caves, serial_shops, nicolae_diamond_shop,
          nicolae_orc_flooded_monolith, uniq_jorgrun, uniq_nergalle
Orc:2:    grunt_orc_gardens, layout_caves, grunt_orc_garden, grunt_orc_garden,
          grunt_orc_garden, grunt_orc_garden, basic_altar, hangedman_minor_magic
Vaults:1: gammafunk_vaults_ghost_split, nicolae_vaults_little_ls,
          hangedman_vaults_cutoff, vaults_room_ringed_pool, vaults_mumra_lcd,
          v_alt_pattern_4, hangedman_vaults_slice, hangedman_vaults_variations,
          v_misc_18, ontoclasm_vaults_loading_screen, hangedman_vaults_maws,
          vaults_dpeg_ring, vaults_room_semicircle, layout_vaults_omnicross
Vaults:2: hangedman_vaults_stagger, vaults_mumra_minichess,
          hangedman_vaults_unwind, hangedman_vaults_stream, st_more_cells,
          nicolae_vaults_stairing_the_circle, nicolae_vaults_yaktaur_gun_rack,
          minmay_crypt_entry_simple_corners, nicolae_vaults_little_squares_3,
          v_misc_24, grunt_vaults_diagonal, nicolae_vaults_diagonal_hallway_8,
          layout_vaults_maze, serial_shops, bzr_firewalk

Skill      XL: |  1  2  3  4  5  6  7  8  9 10 11 12 13 14 15 16 17 18 19 |
---------------+----------------------------------------------------------+-----
Fighting       | 2 3 4 5 6 7 8 9 10 11 12 13 14 | 14.5
Unarmed Combat | 3 4 5 6 7 9 10 12 13 15 16 17 18 19 20 21 22 | 22.4
Invocations    | 1 2 3 |  3.7
Shields        | 2 4 5 7 8 9 10 | 10.3
Dodging        | 3 5 7 8 9 |  9.2
Armour         | 2 5 6 8 9 |  9.3
Spellcasting   | 2 4 |  4.3
Translocations | 3 5 |  5.5
Evocations     | 2 |  2.3
Throwing       | |  0.8

Action                   |  1- 3 |  4- 6 |  7- 9 | 10-12 | 13-15 | 16-18 | 19-21 || total
-------------------------+-------+-------+-------+-------+-------+-------+-------++-------
Melee: Unarmed           |   102 |   142 |   379 |   532 |   864 |  1196 |   348 ||  3563
       Punch             |       |     2 |     9 |       |       |       |       ||    11
       Dagger            |       |       |       |    33 |     9 |       |       ||    42
       Scimitar          |       |       |       |       |    16 |    54 |     4 ||    74
 Cast: Blink             |       |       |       |       |     3 |     5 |       ||     8
Invok: Upheaval          |       |       |     1 |       |       |       |       ||     1
Evoke: Wand              |       |       |       |       |       |       |     2 ||     2
  Use: Scroll            |       |     7 |     9 |     9 |     9 |     1 |     3 ||    38
       Potion            |       |       |       |     1 |     6 |     5 |     3 ||    15
Armor: Robe              |    37 |    47 |    92 |    69 |    95 |       |       ||   340
       Steam dragon scal |       |       |     3 |    23 |       |       |       ||    26
       Swamp dragon scal |       |       |       |       |    39 |   310 |     3 ||   352
       Fire dragon scale |       |       |       |       |       |       |    76 ||    76
Dodge: Dodged            |    47 |    61 |   148 |   127 |   212 |   360 |    66 ||  1021
       Repelled          |       |       |       |     1 |     9 |    24 |       ||    34
Block: Other             |       |       |    48 |       |       |       |       ||    48
       Kite shield       |       |       |       |   457 |   747 |  1147 |   244 ||  2595
       Reflection        |       |       |       |       |       |    98 |    16 ||   114
       Rpst.: Scimitar   |       |       |       |       |     1 |     4 |       ||     5

Table legend: (Time is in decaauts)
 A = Elapsed time spent in this place.
 B = Non-inter-level travel time spent in this place.
 C = Inter-level travel time spent in this place.
 D = Time resting spent in this place.
 E = Time spent auto-exploring this place.
 F = Levels seen in this place.
 G = Mean time per level.
                   A        B        C        D        E       F      G
               +--------+--------+--------+--------+--------+-----+--------+
         Total |  31885 |  29435 |   2450 |   1800 |  18281 |  37 |  861.8 |
       Dungeon |  13830 |  12819 |   1011 |    259 |   8969 |  15 |  922.0 |
          Lair |   6485 |   5763 |    722 |    496 |   3912 |   6 | 1080.8 |
         Swamp |   3472 |   3228 |    244 |    433 |   1666 |   4 |  868.0 |
     Snake Pit |   4415 |   4084 |    331 |    397 |   1989 |   4 | 1103.8 |
  Orcish Mines |   1477 |   1376 |    101 |    129 |    734 |   2 |  738.5 |
        Vaults |   1471 |   1432 |     39 |     49 |    882 |   2 |  735.5 |
         Abyss |    123 |    123 |      0 |      0 |      0 |   1 |  123.0 |
        Bazaar |     80 |     80 |      0 |      0 |      0 |   1 |   80.0 |
       Ossuary |    274 |    274 |      0 |     20 |     50 |   1 |  274.0 |
        Bailey |    255 |    255 |      0 |     17 |     79 |   1 |  255.0 |
               +--------+--------+--------+--------+--------+-----+--------+

Top non-repeatable levels by time:
 Snake:4: 1446 daAuts
  Lair:5: 1382 daAuts
     D:9: 1363 daAuts
 Swamp:3: 1265 daAuts
  Lair:3: 1259 daAuts
    D:12: 1200 daAuts
     D:7: 1186 daAuts
Vaults:1: 1177 daAuts
  Lair:2: 1176 daAuts
    D:11: 1161 daAuts
 Snake:1: 1101 daAuts
 Snake:2: 1098 daAuts
    D:13: 1077 daAuts
  Lair:6: 1011 daAuts
    D:10: 962 daAuts
